[Event "Early-Titled-Tuesday-Blitz-February-27-2024"]
[Site "Chess.com"]
[Date "2024.02.27"]
[Round "4"]
[White "ploxoi"]
[Black "Rurep26"]
[Result "1/2-1/2"]
[WhiteElo "2465"]
[BlackElo "2696"]
[TimeControl "180+1"]
[EndTime "8:38:45 PST"]
[Termination "Game drawn by repetition"]

1. d4 Nf6 2. c4 e6 3. g3 Bb4+ 4. Bd2 Qe7 5. Bg2 Bxd2+ 6. Qxd2 d6 7. Nc3 O-O 8. Nf3 e5 9. O-O Nc6 10. h3 Re8 11. e4 h6 12. Rfe1 Bd7 13. Rad1 Nh7 14.
dxe5 Nxe5 15. Nxe5 Qxe5 16. Qd4 Qxd4 17. Rxd4 Ng5 18. f4 Ne6 19. Rd2 Bc6 20. Kf2 a5 21.
b3 Nc5 22. Re3 g5 23. Nd5 Bxd5 24. exd5 Rxe3 25. Kxe3 Re8+ 26. Kf2 Kg7 27. Rd4 Kf6 28. Bf3 Kf5 29. Bd1 Kf6 30. Bc2 Kg7 31. Bb1 Nd7 32. Bf5 Nf6 33. a3 b6 34. Rd2 gxf4 35. gxf4 Ne4+ 36. Bxe4 Rxe4 37. Kf3 Re1 38. Re2 Rc1 39.
a4 Kf6 40. Ke4 Rc3 41. Re3 Rxe3+ 42. Kxe3 Kf5 43. Kf3 h5 44. Ke3 Kf6 45. Ke4 Kg6 46.
h4 Kf6 47. f5 Kg7 48. Kf4 Kf6 49. Ke4 Ke7 50. Kf4 Kf6 51. Ke4 1/2-1/2

[Event "Early-Titled-Tuesday-Blitz-February-27-2024"]
[Site "Chess.com"]
[Date "2024.02.27"]
[Round "4"]
[White "PolandHussars"]
[Black "esrosenberg"]
[Result "0-1"]
[WhiteElo "2569"]
[BlackElo "2427"]
[TimeControl "180+1"]
[EndTime "8:38:45 PST"]
[Termination "esrosenberg won by checkmate"]

1. e4 e5 2. Bc4 Nf6 3. d3 Nc6 4.
Nf3 Bd6 5. c3 O-O 6. O-O Na5 7.
Bb5 c6 8. Ba4 b5 9. Bc2 Nb7 10.
d4 Qc7 11. dxe5 Bxe5 12. Nxe5 Qxe5 13. f4 Qc5+ 14. Kh1 d5 15. e5 Ne4 16. Qf3 Bf5 17. Be3 Qe7 18. Na3 b4 19. g4 Bg6 20. cxb4 Qxb4 21. f5 Qxb2 22. fxg6 fxg6 23. Qe2 Qxa3 24. Bxe4 dxe4 25. Qc4+ Kh8 26. Qxe4 Rae8 27. Bd4 Nc5 28. Bxc5 Qxc5 29. e6 Qd5 30. Qxd5 cxd5 31. Rxf8+ Rxf8 32. Rd1 Re8 33. Rxd5 Kg8 34. Rd6 Kf8 35. Ra6 Re7 36.
Kg2 Rb7 37. Kf3 Ke7 38. Ke4 Rb4+ 39. Kd5 Rb5+ 40. Kc6 Rb2 41. Rxa7+ Kxe6 42. Rxg7 Rxa2 43. Rxh7 Rd2 44. Kc5 Kf6 45. h4 Rd1 46. Kc4 Rd8 47. Kc3 Rd1 48. Rc7 Rc1+ 49. Kd4 Rxc7 50. Ke4 Rc4+ 51.
Kf3 Ra4 52. Kg3 Ke5 53. h5 g5 54. Kf3 Ra3+ 55. Kg2 Kf4 56. h6 Ra6 57. h7 Rh6 58. h8=R Rxh8 59. Kf2 Rh2+ 60. Kg1 Ra2 61. Kh1 Kg3 62. Kg1 Ra1# 0-1

[Event "Early-Titled-Tuesday-Blitz-February-27-2024"]
[Site "Chess.com"]
[Date "2024.02.27"]
[Round "4"]
[White "alexrustemov"]
[Black "Fluffey"]
[Result "1-0"]
[WhiteElo "2839"]
[BlackElo "2519"]
[TimeControl "180+1"]
[EndTime "8:38:47 PST"]
[Termination "alexrustemov won on time"]

1. d4 Nf6 2. c4 d6 3. Nf3 g6 4.
Nc3 Bg7 5. g3 O-O 6. Bg2 c6 7.
O-O Bf5 8. b3 Ne4 9. Bb2 Nxc3 10. Bxc3 c5 11. Qd2 Nc6 12. d5 Bxc3 13. Qxc3 Na5 14. Nd2 b5 15. cxb5 Bd7 16. a4 a6 17.
bxa6 Rxa6 18. e4 Qb6 19. Rfe1 Rb8 20. Re3 Qb4 21. Bf1 Rab6 22. Qxb4 Rxb4 23. Ra3 Rd4 24. Rd3 Rbb4 25. Rxd4 cxd4 26. Bd3 e6 27. dxe6 Bxe6 28.
Bc2 Rb8 29. Kf1 Rc8 30. Ra2 Nc6 31. Bd1 Nb4 32. Ra1 Rc3 33. a5 Bc8 34. Be2 d3 35. Bd1 Ba6 36. f4 d5 37. exd5 Nxd5 38. Kf2 f5 39.
Bf3 Nb4 40. Ra4 Nc2 41. Bd5+ Kf8 42. Bc4 Bxc4 43. Rxc4 Rxc4 44. Nxc4 Nb4 45. Ke3 Ke7 46. Ne5 Kd6 47. Nxd3 Nc6 48. b4 Kd5 49. a6 Na7 50. Ne5 Nb5 51. Kd3 Na7 52. Kc3 Nb5+ 53. Kb3 Kd4 54.
Ka4 Na7 55. Ka5 Ke3 56. Kb6 1-0

[Event "Early-Titled-Tuesday-Blitz-February-27-2024"]
[Site "Chess.com"]
[Date "2024.02.27"]
[Round "4"]
[White "toninhojit"]
[Black "mary-sanna"]
[Result "0-1"]
[WhiteElo "2466"]
[BlackElo "2188"]
[TimeControl "180+1"]
[EndTime "8:38:49 PST"]
[Termination "mary-sanna won by checkmate"]

1. d4 d5 2. c4 e6 3. Nf3 Nf6 4. Nc3 c5 5. e3 Nc6 6. a3 cxd4 7.
exd4 Be7 8. c5 O-O 9. Bd3 b6 10.
b4 bxc5 11. bxc5 h6 12. O-O Qc7 13. Nb5 Qa5 14. Bd2 Qd8 15. Bf4 a6 16. Nc3 Qa5 17. Qc2 Rd8 18. Rfb1 Nd7 19. Ne2 e5 20. Bd2 Qc7 21.
dxe5 Ndxe5 22. Nxe5 Nxe5 23. Be3 Ng4 24. Bf4 Qxc5 25.
Ng3 Qxc2 26. Bxc2 Bf6 27. Ra2 Be6 28. h3 Ne5 29. Ba4 d4 30. Rd2 d3 31. Ne4 Bg5 32. Nxg5 Nc4 33. Nxe6 Nxd2 34. Bxd2 fxe6 35. Bb3 Kf7 36.
Re1 Rd6 37. Bb4 Rb6 38. Bc4 a5 39. Bc5 Rc6 40. Re5 Rac8 41. Kh2 Rxc5 42. Bxe6+ Kf6 43. Re3 Re8 44. Rxd3 Rxe6 45. Rf3+ Ke7 46. Rd3 Rd6 47. Rf3 Rf6 48. Rg3 Rxf2 49. Rd3 Kf6 50. Kg3 Rcc2 51. Rd6+ Ke7 52. Ra6 Rxg2+ 53. Kh4 Rc4+ 54. Kh5 Rg5# 0-1

[Event "Early-Titled-Tuesday-Blitz-February-27-2024"]
[Site "Chess.com"]
[Date "2024.02.27"]
[Round "4"]
[White "DefiantChair"]
[Black "Vaathi_Coming"]
[Result "0-1"]
[WhiteElo "2611"]
[BlackElo "2912"]
[TimeControl "180+1"]
[EndTime "8:38:50 PST"]
[Termination "Vaathi_Coming won by resignation"]

1. e4 Nc6 2. Nf3 d6 3. Bb5 e5 4.
c3 f5 5. exf5 Bxf5 6. O-O a6 7.
Ba4 Bd3 8. Re1 Be7 9. Re3 e4 10.
Ne1 Bg5 11. Rg3 Bh4 12. Nxd3 Bxg3 13. Nb4 Bxf2+ 14. Kxf2 Qh4+ 15. Kg1 Nh6 16. Nxc6 O-O 17. g3 Qh3 18. Ne7+ Kh8 19. Bd7 Qxd7 20. Nd5 Ng4 21. d4 Nf2 22. Qe1 Nd3 23. Qd1 Qf5 24. Nf4 Nxc1 25. Qxc1 g5 26. Na3 gxf4 27. Qxf4 Qxf4 28.
gxf4 Rxf4 29. Nc4 Rg8+ 30. Kh1 Rf2 31. a4 Rgg2 32. Ne3 Rxh2+ 33. Kg1 Re2 34. Rf1 Rh5 35. Nc4 Rg5+ 36. Kh1 Kg7 37. d5 e3 38. Rf3 Re1+ 39. Kh2 e2 40. Re3 Rxd5 41. a5 Rc5 42. Na3 Re5 43.
Rxe5 dxe5 0-1

[Event "Early-Titled-Tuesday-Blitz-February-27-2024"]
[Site "Chess.com"]
[Date "2024.02.27"]
[Round "4"]
[White "HittingRookBottom"]
[Black "rhwr"]
[Result "0-1"]
[WhiteElo "1995"]
[BlackElo "2281"]
[TimeControl "180+1"]
[EndTime "8:38:50 PST"]
[Termination "rhwr won by resignation"]

1. e4 c5 2. Nf3 d6 3. Bb5+ Nd7 4. O-O a6 5. Bxd7+ Bxd7 6. d4 cxd4 7. Qxd4 e5 8. Qd5 Bc6 9. Qb3 Be7 10. Re1 Nf6 11.
Nc3 O-O 12. Bg5 h6 13. Bxf6 Bxf6 14. Rad1 Qc7 15. Nd5 Bxd5 16. Rxd5 Be7 17. Red1 b5 18. Qd3 Rac8 19. c3 Qc4 20. Qb1 b4 21. Nd2 Qe2 22. Re1 Qh5 23. cxb4 f5 24. Nf3 Rc4 25. a3 fxe4 26.
Rxe4 Rf4 27. Rxc4 Rxc4 28. Rd1 Rg4 29. Qa2+ Kf8 30. Qe6 Rg6 31. Qc8+ Kf7 32. Qc4+ Kf8 33. Qe4 Rg4 34. Qa8+ Kf7 35. Qd5+ Kf8 36. h3 Qxh3 37. Qa8+ Kf7 38. Qd5+ Kf6 39. Nd2 Qh4 40. g3 Qh5 41.
Ne4+ Rxe4 42. Qxe4 Qxd1+ 43. Kg2 d5 44. Qh4+ Kf7 45.
Qh5+ Qxh5 46. g4 Qxg4+ 47. Kf1 Bh4 48. Ke1 Qf3 49. Kd2 Bxf2 50. Kc2 Qe3 51. Kb1 Qd3+ 52. Ka2 Bd4 53. a4 Qc2 0-1

[Event "Early-Titled-Tuesday-Blitz-February-27-2024"]
[Site "Chess.com"]
[Date "2024.02.27"]
[Round "4"]
[White "regenda"]
[Black "LiadCuba"]
[Result "0-1"]
[WhiteElo "2256"]
[BlackElo "2499"]
[TimeControl "180+1"]
[EndTime "8:38:51 PST"]
[Termination "LiadCuba won on time"]

1. e4 d5 2. e5 c5 3. f4 Bf5 4. Bb5+ Nc6 5. Nf3 e6 6. O-O h5 7. h3 Ne7 8. d3 a6 9. Bxc6+ Nxc6 10.
Nc3 Be7 11. Ne2 b5 12. a3 Qb6 13. Kh2 O-O-O 14. Be3 d4 15. Bf2 f6 16. Ng3 fxe5 17. fxe5 g5 18. Qd2 g4 19. Nxf5 gxf3 20. Nxe7+ Nxe7 21. gxf3 Nf5 22. Rg1 Rhg8 23. Rxg8 Rxg8 24. Rg1 Rxg1 25. Kxg1 Qc6 26. Kg2 Qd5 27. Qf4 c4 28.
Qe4 c3 29. Qxd5 exd5 30. bxc3 dxc3 31. f4 Kd7 32. Kf3 a5 33. Ke2 Kc6 34. d4 b4 35.
Kd3 Kb5 36. axb4 axb4 37. Be1 Ka4 38. Bxc3 bxc3 39. Kxc3 Kb5 40. Kd3 Kb4 41. c3+ Kb3 42.
Kd2 Kc4 43. Kc2 h4 44. Kd2 Ng3 45.
Kc2 Ne4 46. f5 Nf2 47. f6 Nxh3 48. f7 Ng5 49. f8=Q Ne4 50. Qh6 Nxc3 0-1

[Event "Early-Titled-Tuesday-Blitz-February-27-2024"]
[Site "Chess.com"]
[Date "2024.02.27"]
[Round "4"]
[White "tylityli"]
[Black "annacramling"]
[Result "1/2-1/2"]
[WhiteElo "2292"]
[BlackElo "2108"]
[TimeControl "180+1"]
[EndTime "8:38:51 PST"]
[Termination "Game drawn by repetition"]

1. d4 Nf6 2. c4 e6 3. Nc3 d5 4.
cxd5 exd5 5. Bg5 Be7 6. e3 c6 7.
Bd3 O-O 8. Qc2 h6 9. Bh4 Be6 10. Nge2 Nbd7 11. O-O Rc8 12. f3 c5 13. Bf2 Re8 14. Qd2 c4 15. Bc2 Nf8 16. Kh1 b5 17.
a3 a5 18. Nxb5 Qb6 19. Nec3 a4 20. Bxa4 Bd7 21. b3 cxb3 22. Rab1 Rc4 23. Bxb3 Rcc8 24.
a4 Qa5 25. Rfd1 Bb4 26. Qd3 Bxc3 27. Nd6 Bb4 28. Nxe8 Bxe8 29. Qe2 Bxa4 30. Ra1 Qb5 31. Qa2 Bxb3 32. Qxb3 Qc4 33. Rab1 Qxb3 34. Rxb3 Rc4 35. Rdb1 Bd6 36. Rb6 Ba3 37. Rb8 Kh7 38. h4 Ne6 39. Kh2 Nc7 40. Bg3 Ne6 41. Be5 Rc3 42. R1b3 Rxb3 43. Rxb3 Be7 44. g4 g6 45. Kg3 Kg7 46.
g5 hxg5 47. hxg5 Nxg5 48. Rb6 Ne6 49. Rb7 Bd8 50. Rb8 Be7 51. Rb7 Bd8 52. Rb8 Be7 53.
Rb7 1/2-1/2

[Event "Early-Titled-Tuesday-Blitz-February-27-2024"]
[Site "Chess.com"]
[Date "2024.02.27"]
[Round "4"]
[White "banhgiahuy2606"]
[Black "martinmena"]
[Result "1-0"]
[WhiteElo "2651"]
[BlackElo "2247"]
[TimeControl "180+1"]
[EndTime "8:38:53 PST"]
[Termination "banhgiahuy2606 won by resignation"]

1. c4 e6 2. Nf3 Nf6 3. g3 d5 4. Bg2 Be7 5. O-O O-O 6. b3 c5 7.
cxd5 exd5 8. d4 Be6 9. Nc3 Nc6 10. Bb2 Ne4 11. Rc1 cxd4 12. Nxd4 Nxd4 13. Qxd4 Bc5 14. Qd3 Nxf2 15. Rxf2 Qf6 16. Rf1 Bxf2+ 17. Rxf2 Qg6 18.
Qd4 Rfd8 19. e3 Rac8 20. Bf1 a6 21. Bd3 Qg4 22. Rf4 Qg5 23. Kg2 f6 24. h4 Qh5 25. Be2 Qg6 26. h5 Qc2 27. Ba1 Rxc3 28. Bxc3 Qxe2+ 29. Rf2 Qxh5 30. Qb6 Rd7 31. Qxe6+ Qf7 32.
Qxf7+ Kxf7 33. Bd4 b5 34. Rc2 a5 35. Rc5 a4 36. Rxb5 axb3 37. Rxb3 Ke6 38. a4 Rd6 39. a5 Kf5 40. Ra3 Ra6 41. Bb6 Ke4 42. Ra4+ Ke5 43. Kf3 f5 44. Ke2 g5 45. Ra1 h5 46. Rh1 h4 47. gxh4 gxh4 48. Rxh4 d4 49.
exd4+ Kd5 50. Kd3 Ra8 51. Rh5 Rf8 52. a6 Ke6 53. a7 Ra8 54. Kc4 f4 55. d5+ Kf6 56.
Bd4+ Kg6 57. Rh1 f3 58. Rf1 Rf8 59. Rxf3 Rxf3 60. a8=Q Kf5 61. Qf8+ Ke4 62. Qxf3+ Kxf3 63. d6 Ke4 64. d7 1-0

[Event "Early-Titled-Tuesday-Blitz-February-27-2024"]
[Site "Chess.com"]
[Date "2024.02.27"]
[Round "4"]
[White "Baronessa08"]
[Black "leclash"]
[Result "0-1"]
[WhiteElo "2526"]
[BlackElo "2409"]
[TimeControl "180+1"]
[EndTime "8:38:54 PST"]
[Termination "leclash won on time"]

1. Nf3 d5 2. b3 Bg4 3. e3 Nd7 4. Bb2 Ngf6 5. h3 Bxf3 6. Qxf3 e6 7. c4 c6 8. g4 h6 9. Bg2 Bd6 10. O-O Qe7 11. Qe2 O-O 12. f4 e5 13. cxd5 exf4 14. dxc6 bxc6 15. Nc3 fxe3 16. dxe3 Qe5 17. Bf3 Qg3+ 18.
Qg2 Rae8 19. Rae1 Qxg2+ 20. Kxg2 Ne5 21. Be2 Ng6 22. Bc4 Nh4+ 23. Kf2 Bc5 24. Kg3 Bd6+ 25.
Kf2 Bc5 26. Na4 Bb4 27. Rd1 Ne4+ 28. Kg1 Ng3 29. Rf2 Rxe3 30. Rd7 Rf3 31. Rxf3 Nxf3+ 32. Kg2 Nd2 33. Kxg3 Nxc4 34. bxc4 Be1+ 35. Kg2 Bh4 36. Bd4 a6 37. Nc5 Rb8 38. a4 Rb1 39. Kf3 Rd1 40. Rd8+ Kh7 41. Rd7 Rf1+ 42. Ke2 Rh1 43. Rxf7 Rh2+ 44.
Kd3 Rxh3+ 45. Ke4 h5 46. Rxg7+ Kh6 47. Ne6 hxg4 48. Be3+ Kh5 49. Rh7+ Kg6 50. Nf8+ Kf6 51. Rh6+ Kg7 0-1

[Event "Early-Titled-Tuesday-Blitz-February-27-2024"]
[Site "Chess.com"]
[Date "2024.02.27"]
[Round "4"]
[White "CaspiIsrael"]
[Black "Preobrazhenska_D2011"]
[Result "1-0"]
[WhiteElo "2678"]
[BlackElo "2437"]
[TimeControl "180+1"]
[EndTime "8:38:55 PST"]
[Termination "CaspiIsrael won by checkmate"]

1. e4 c5 2. Nf3 d6 3. d4 cxd4 4.
Nxd4 Nf6 5. Nc3 a6 6. Rg1 e5 7.
Nb3 h5 8. Bg5 Be6 9. Qd2 Nbd7 10. O-O-O Be7 11. Kb1 b5 12. f3 Rc8 13. h4 Qc7 14.
Bd3 Nb6 15. Bxf6 gxf6 16. f4 b4 17. Nd5 Nxd5 18. exd5 Bg4 19. Rde1 Qb6 20. Rgf1 a5 21. Nc1 a4 22. f5 a3 23. Nb3 axb2 24. Kxb2 Ra8 25.
Re4 Ra4 26. Rc4 Kd7 27. Rc6 Qb7 28. Bc4 Rha8 29. Nc1 Ra3 30. Bb3 R3a5 31. g3 Rc8 32. Rxc8 Kxc8 33. Nd3 Rb5 34. Rf2 Kd8 35. Qh6 Kc7 36.
Qg7 Qc8 37. Qxf7 Qd8 38. Ba4 Ra5 39. Bc6 Kb6 40. Nxb4 Qc7 41. Qe8 Ra7 42. c4 Kc5 43.
Nd3+ Kd4 44. Nc1 Ke3 45. Rc2 Qa5 46. Qb8 Qa3+ 47. Kb1 Ra5 48. Qb3+ Kd4 49. Rd2+ Kc5 50. Nd3+ Kd4 51. Nf2+ Kc5 52. Ne4# 1-0

[Event "Early-Titled-Tuesday-Blitz-February-27-2024"]
[Site "Chess.com"]
[Date "2024.02.27"]
[Round "4"]
[White "BursaBBSatranc"]
[Black "Ticoluis"]
[Result "1-0"]
[WhiteElo "2637"]
[BlackElo "2452"]
[TimeControl "180+1"]
[EndTime "8:38:55 PST"]
[Termination "BursaBBSatranc won on time"]

1. d4 Nf6 2. Bf4 d6 3. e3 Nbd7 4. Nf3 g6 5. h3 Bg7 6. Be2 c5 7. c3 O-O 8. O-O Qb6 9. Qb3 Re8 10. Nbd2 Nf8 11. Bc4 Be6 12. Bxe6 Nxe6 13. Bh2 Qc6 14. a4 Rec8 15. Rfe1 c4 16. Qc2 b5 17. e4 Qb7 18. axb5 Qxb5 19. e5 dxe5 20. Nxe5 Nd5 21.
Ra2 a5 22. Qe4 Nf6 23. Qe2 Nd5 24. Nxf7 Nef4 25. Bxf4 Nxf4 26. Qe4 Qf5 27. Qxf5 gxf5 28. Ne5 Bxe5 29. Rxe5 Nd3 30. Rexa5 Rab8 31. Rxf5 Nxb2 32.
Ne4 Nd3 33. Ra7 Re8 34. Nc5 Rb1+ 35. Kh2 Rb2 36. Ne4 Re2 37. Rg5+ Kf8 38. Rf5+ Kg8 39. Rg5+ Kf8 40. f3 Ne1 41. Kg1 Nd3 42. d5 Re1+ 43.
Kh2 Re2 44. d6 Ne1 45. Kg1 exd6 46. Rf5+ Kg8 47. Nf6+ Kf8 48. Rxh7 R8e7 49. Nd5+ Kg8 50. Rxe7 1-0

[Event "Early-Titled-Tuesday-Blitz-February-27-2024"]
[Site "Chess.com"]
[Date "2024.02.27"]
[Round "4"]
[White "bulletteemo"]
[Black "Chesstiger64"]
[Result "0-1"]
[WhiteElo "2555"]
[BlackElo "2357"]
[TimeControl "180+1"]
[EndTime "8:38:55 PST"]
[Termination "Chesstiger64 won on time"]

1. e4 c6 2. Nc3 d5 3. Nf3 dxe4 4.
Nxe4 Nf6 5. Qe2 Nxe4 6. Qxe4 Nd7 7. Bc4 Nf6 8. Ne5 e6 9. Qe2 Bd6 10. d4 Qc7 11. O-O O-O 12. Bg5 c5 13. c3 cxd4 14.
cxd4 Be7 15. Bd3 h6 16. Bf4 Nd5 17. Bg3 Bd6 18. f4 f5 19. Bh4 Bxe5 20. dxe5 Bd7 21.
Rf3 Be8 22. Qf1 Qb6+ 23. Kh1 Qxb2 24. Rb1 Qxa2 25. Bc4 Qd2 26. Rxb7 Bc6 27. Rb1 Rae8 28. Be1 Qd4 29. Bf2 Qd2 30. Bxa7 Nc3 31. Rf2 Nxb1 32. Rxd2 Nxd2 33. Qd3 Nxc4 34. Qxc4 Bd5 35. Qc5 Ra8 36. h3 Rfc8 37. Qf2 Rc7 38. Bb6 Rc1+ 39. Kh2 Ra2 40. Qg3 Rxg2+ 41. Qxg2 Bxg2 42. Kxg2 Kf7 43. Be3 Rc4 44.
Kf3 Re4 45. Kf2 Kg6 46. Kf3 Kh5 47. Bf2 g5 48. fxg5 hxg5 49. Bg3 g4+ 50. hxg4+ Rxg4 51. Bf2 Kg5 52. Bc5 f4 53. Ke4 Rg3 54. Bf2 Kg4 55.
Kd4 Kf3 56. Be1 Rg1 57. Bc3 Rd1+ 58. Kc5 Ke2 59. Bd4 f3 60. Kc4 f2 0-1

[Event "Early-Titled-Tuesday-Blitz-February-27-2024"]
[Site "Chess.com"]
[Date "2024.02.27"]
[Round "4"]
[White "Pedrada88"]
[Black "GoltsevDmitry2000"]
[Result "1-0"]
[WhiteElo "2572"]
[BlackElo "2764"]
[TimeControl "180+1"]
[EndTime "8:38:57 PST"]
[Termination "Pedrada88 won by checkmate"]

1. Nf3 d5 2. b3 Nf6 3. Bb2 c6 4. e3 g6 5. c4 Bg7 6. cxd5 cxd5 7. Bb5+ Nc6 8. Ne5 Bd7 9. Nxd7 Qxd7 10. O-O a6 11. Be2 O-O 12. d3 Rac8 13. Nd2 e5 14. Nf3 Rfe8 15. Rc1 Qd6 16. h3 Nd7 17. a3 f5 18. b4 e4 19. Nd4 Nxd4 20. Bxd4 Bxd4 21. exd4 Nf6 22. Qb3 e3 23. fxe3 Rxc1 24. Rxc1 Rxe3 25.
Qc2 Kf7 26. Qc7+ Qxc7 27. Rxc7+ Re7 28. Rxe7+ Kxe7 29. Kf2 g5 30. g3 Ne8 31. Ke3 Nc7 32. Bf3 Kd6 33. a4 Ne6 34. Bd1 f4+ 35. gxf4 Nxf4 36. Bg4 b6 37. a5 bxa5 38. bxa5 Kc6 39. Bc8 Kb5 40. Kf3 h5 41. h4 Nxd3 42. hxg5 h4 43.
g6 h3 44. g7 h2 45. Kg2 Ne1+ 46.
Kxh2 Nf3+ 47. Kg3 Nxd4 48. g8=Q Nf5+ 49. Bxf5 Kxa5 50. Qxd5+ Kb4 51. Bd3 a5 52. Qc4+ Ka3 53. Bc2 Kb2 54. Qb3+ Kc1 55. Bh7 Kd2 56. Kf4 a4 57.
Qd3+ Ke1 58. Ke3 a3 59. Qe2# 1-0

[Event "Early-Titled-Tuesday-Blitz-February-27-2024"]
[Site "Chess.com"]
[Date "2024.02.27"]
[Round "4"]
[White "MarijaKuznecova"]
[Black "SahibSinghKnight"]
[Result "0-1"]
[WhiteElo "2332"]
[BlackElo "2564"]
[TimeControl "180+1"]
[EndTime "8:38:57 PST"]
[Termination "SahibSinghKnight won on time"]

1. e4 e6 2. d4 d5 3. Nc3 Nf6 4. e5 Nfd7 5. f4 c5 6. Nf3 Nc6 7. Be3 Be7 8. Qd2 O-O 9. dxc5 Bxc5 10. Qf2 Qb6 11. Nd1 d4 12. Bd2 Nb4 13. Bxb4 Bxb4+ 14. c3 dxc3 15. bxc3 Bc5 16. Qc2 Qc7 17. Bd3 h6 18.
Nf2 Bxf2+ 19. Kxf2 f6 20. Rhe1 fxe5 21. Kg1 Rxf4 22.
Rad1 b6 23. Be4 Rb8 24. g3 Rf6 25. Nh4 Bb7 26. Bh7+ Kf7 27. Bg6+ Kf8 28. Qd3 Qc5+ 29. Re3 Bd5 30. c4 Bxc4 31. Qc3 Bd5 32. Qd2 e4 33. Rc1 Qe7 34. Bxe4 Bxe4 35. Rxe4 Nc5 36. Rd4 e5 37. Rd5 e4 38. Re1 Kg8 39. Qd4 Re6 40. Nf5 Qg5 41.
Nd6 Qg6 42. Nxe4 Rxe4 43. Rxe4 Qxe4 44. Qd2 Qb1+ 45. Kg2 Qe4+ 46. Kh3 Re8 47. Rd6 Qe5 48. Rd5 Qe6+ 49. Kg2 Ne4 50. Qd4 Nf6 51. Re5 Qxa2+ 0-1

[Event "Early-Titled-Tuesday-Blitz-February-27-2024"]
[Site "Chess.com"]
[Date "2024.02.27"]
[Round "4"]
[White "Jumbo"]
[Black "FairChess_on_YouTube"]
[Result "1/2-1/2"]
[WhiteElo "2873"]
[BlackElo "3105"]
[TimeControl "180+1"]
[EndTime "8:38:58 PST"]
[Termination "Game drawn - insufficient material"]

1. Nf3 Nf6 2. d4 e6 3. c4 b6 4. g3 Bb7 5. Bg2 Bb4+ 6. Bd2 a5 7. O-O O-O 8. Bf4 Be7 9. Nc3 Ne4 10. Nb5 Na6 11.
Nd2 Nxd2 12. Bxb7 Nxf1 13. Qxf1 c6 14. Bxa8 Qxa8 15. Nc3 d5 16. cxd5 cxd5 17. Rc1 Rc8 18. Na4 Bd8 19. Rxc8 Qxc8 20. Qc1 Qd7 21. Nc3 h5 22. h4 Nb4 23. a4 Qc6 24. Nb5 Qxc1+ 25. Bxc1 Nc6 26. f3 f6 27. Kf2 Kf7 28. e4 Nb4 29. Ke2 dxe4 30. fxe4 g5 31. Bd2 gxh4 32. gxh4 f5 33. Nd6+ Kg6 34. Bxb4 axb4 35. exf5+ exf5 36. Nc4 f4 37. Kf3 Kf5 38. b3 Ke6 39. Ke4 Bxh4 40. Nxb6 Bd8 41. Nd5 h4 42. Nxf4+ Kd6 43. Kf3 Bb6 44.
Nd3 Kd5 45. Nxb4+ Kxd4 46. a5 Bxa5 47. Nc6+ Kc3 48. Nxa5 Kb4 49. Kg4 Kxa5 50. Kh3 Kb4 51. Kxh4 Kxb3 1/2-1/2

[Event "Early-Titled-Tuesday-Blitz-February-27-2024"]
[Site "Chess.com"]
[Date "2024.02.27"]
[Round "4"]
[White "annamaja"]
[Black "DrCeltic"]
[Result "1-0"]
[WhiteElo "2428"]
[BlackElo "2586"]
[TimeControl "180+1"]
[EndTime "8:38:59 PST"]
[Termination "annamaja won on time"]

1. e4 c5 2. Nf3 e6 3. d4 cxd4 4. Nxd4 Nf6 5. Bd3 Nc6 6. Nb3 Be7 7. O-O O-O 8. c4 d6 9. Nc3 a6 10. f4 Qc7 11. Be3 Nb4 12. Rc1 Nxd3 13. Qxd3 b6 14. h3 Bb7 15. g4 Rac8 16. g5 Nd7 17. Ne2 Qb8 18. Ng3 Rfd8 19. Nd4 Nc5 20. Qc2 Qa8 21. e5 Ne4 22. Nxe4 Bxe4 23. Qf2 g6 24. Rfd1 d5 25. cxd5 Bxd5 26. Ne2 Bxa2 27. Bxb6 Rxc1 28. Rxc1 Rb8 29. Nc3 Bb3 30. Bc7 Rc8 31. Bd6 Bd8 32.
Kh2 Qb7 33. Re1 Ba5 34. Qd4 Qf3 35. Rg1 Rc4 36. Qa7 Qxf4+ 37. Rg3 Rc8 38. Qxa6 Qc4 39. Qxa5 h5 40. gxh6 Kh7 41. Qb6 Qf4 42. Qe3 Qh4 43. Ne4 Rc2+ 44. Rg2 Rxg2+ 45. Kxg2 Bd5 46. Kf3 Qxh3+ 47. Ke2 Qg2+ 48. Kd3 Qxb2 49. Nf6+ Kh8 50. Nxd5 Qb3+ 51. Nc3 Qd5+ 52. Nxd5 1-0

[Event "Early-Titled-Tuesday-Blitz-February-27-2024"]
[Site "Chess.com"]
[Date "2024.02.27"]
[Round "4"]
[White "GKARU"]
[Black "UK_23"]
[Result "0-1"]
[WhiteElo "2509"]
[BlackElo "2358"]
[TimeControl "180+1"]
[EndTime "8:38:59 PST"]
[Termination "UK_23 won on time"]

1. d4 d5 2. Nf3 Nf6 3. c4 e6 4. Bg5 Be7 5. Nbd2 O-O 6. e3 b6 7. cxd5 Nxd5 8. Bxe7 Nxe7 9. Rc1 Bb7 10. Bb5 a6 11. Ba4 b5 12. Bc2 Nd7 13. Nb3 Rc8 14. Bd3 Nd5 15. Na5 Ba8 16. Nc6 Bxc6 17. Rxc6 Nb4 18.
Rc3 Nxd3+ 19. Rxd3 c5 20. dxc5 Qa5+ 21. Qd2 Qxd2+ 22.
Rxd2 Nxc5 23. O-O Ne4 24. Rd4 Nf6 25. Rfd1 Rc2 26. R4d2 Rxd2 27. Rxd2 Rc8 28. g3 Kf8 29. Ne5 Ne4 30. Rd4 Nc5 31. b4 f6 32. Nf3 e5 33.
Rd6 Ne4 34. Rxa6 Rc2 35. a4 bxa4 36. Rxa4 Nxf2 37. b5 Nh3+ 38. Kh1 Rb2 39. Ra5 Nf2+ 40. Kg1 Ng4 41. e4 h5 42. Nh4 g5 43. Nf5 Kf7 44. Ra7+ Ke8 45. Rb7 Nf2 46. Nd6+ Kd8 47. b6 Nh3+ 48.
Kf1 g4 49. Nf7+ Kc8 50. Nd6+ Kd8 51. Nc4 Rb4 52. Rc7 Ng5 53. Rc5 Nf3 54. Rc6 Nxh2+ 55. Kg2 Nf3 56. Nd6 Rb2+ 57. Kf1 Kd7 58. Rc7+ Kxd6 59.
b7 Kxc7 0-1

[Event "Early-Titled-Tuesday-Blitz-February-27-2024"]
[Site "Chess.com"]
[Date "2024.02.27"]
[Round "4"]
[White "Jospem"]
[Black "Abund"]
[Result "0-1"]
[WhiteElo "3059"]
[BlackElo "2757"]
[TimeControl "180+1"]
[EndTime "8:39:02 PST"]
[Termination "Abund won by resignation"]

1. e4 c6 2. d4 d5 3. e5 c5 4. dxc5 e6 5. Bd3 Nd7 6. Nf3 Nxc5 7. Be2 Ne7 8. O-O Nc6 9. Bf4 Be7 10. h3 O-O 11. Nc3 f6 12. exf6 Bxf6 13. Bh2 d4 14. Nb5 e5 15. Bc4+ Kh8 16. c3 a6 17.
Na3 dxc3 18. bxc3 e4 19. Nd4 Nxd4 20. cxd4 Bxd4 21. Nc2 Bxa1 22. Qxa1 Be6 23. Be2 Nd3 24. Ne3 Qf6 25. Qb1 Qd4 26. Bg3 b5 27. Rd1 Bc4 28. a4 h6 29. axb5 axb5 30. Kh2 Qc3 31. Nxc4 bxc4 32.
Qb7 Qb2 33. Qxe4 Nxf2 34. Bxf2 Rae8 35. Qxc4 Qxe2 36. Qxe2 Rxe2 37. Bg3 Rf7 38. Kg1 Rb7 39. Rf1 Kh7 40. Bf2 Rbb2 41. g3 Kg6 42. Kg2 Ra2 43.
Kf3 Reb2 44. Kg2 Kf5 45. Kf3 Rb3+ 46. Kg2 Kg6 47. Re1 Rbb2 48. Rf1 Kf5 49. Kf3 h5 50. Kg2 Ke4 51. Re1+ Re2 52. Rf1 g6 53. g4 hxg4 54. hxg4 Kf4 55. g5 Kg4 56. Kg1 Kh3 0-1

[Event "Early-Titled-Tuesday-Blitz-February-27-2024"]
[Site "Chess.com"]
[Date "2024.02.27"]
[Round "4"]
[White "Boundless_Strike"]
[Black "BallottiLuca"]
[Result "1-0"]
[WhiteElo "2612"]
[BlackElo "2425"]
[TimeControl "180+1"]
[EndTime "8:39:02 PST"]
[Termination "Boundless_Strike won by resignation"]

1. d4 Nf6 2. f3 d5 3. e4 dxe4 4. Nc3 exf3 5. Nxf3 Bg4 6. h3 Bxf3 7. Qxf3 c6 8. g4 e6 9. g5 Nd5 10. Bd3 Bb4 11. O-O O-O 12. Ne4 Be7 13. Qh5 g6 14. Qh6 f5 15. gxf6 Bxf6 16. Nxf6+ Nxf6 17. Bg5 Qxd4+ 18. Be3 Qe5 19. Rae1 Qg3+ 20. Kh1 Nbd7 21. Bf4 Qxe1 22.
Rxe1 Nh5 23. Bxg6 hxg6 24. Qxg6+ Ng7 25. Rg1 Rf7 26. Bh6 Ne5 27. Qg3 Nf3 28. Rf1 Kh7 29. Bxg7 Ng5 30. Rxf7 Nxf7 31. Bf6 Rg8 32. Qd3+ Kh6 33.
Qe3+ Kg6 34. Bh4 e5 35. Qe4+ Kg7 36. Qf5 Rf8 37. Bf6+ Kh6 38. h4 Rg8 39. Bxe5 Nxe5 40. Qxe5 Rg4 41. h5 Rh4+ 42. Kg2 Rxh5 43. Qf6+ Kh7 44.
Qf7+ Kh6 45. Qxb7 Rg5+ 46. Kf3 Rg6 47. Qxa7 Kg5 48. Qc5+ Kf6 49. Kf4 Kg7 50. a4 Rf6+ 51. Ke5 Rg6 52. a5 Rg5+ 53. Kd6 Rg6+ 54. Kc7 Rg5 55.
Qxg5+ Kf8 56. Qc5+ Ke8 57. Qxc6+ Ke7 58. Kb6 Kf8 59. b4 Ke7 60. c4 Kd8 61. b5 Ke7 62. c5 Kd8 63. Ka6 Ke7 64. b6 Kd8 65. Kb5 Ke7 66. a6 Kd8 67. Qb7 Ke8 68. Qc7 Kf8 69. Qd7 Kg8 70. Qe7 Kh8 71. c6 Kg8 72. c7 Kh8 73.
Kc6 Kg8 74. Kd7 Kh8 75. Ke8 Kg8 76. c8=Q Kh8 77. b7 Kg8 78. b8=Q Kh8 79. a7 Kg8 80.
a8=Q Kh8 81. Qaa7 1-0